 Dungeon Crawl Stone Soup version 0.27-a0-1322-gfdffb62a71 (webtiles) character file.

Game seed: 5350168731903005061

50013 ClownBaby the Cruncher (level 14, -4/116 HPs)
             Began as a Black Draconian Earth Elementalist on June 14, 2021.
             Was an Initiate of Gozag.
             Succumbed to Nessos's poison
             ... on level 6 of the Lair of Beasts on June 23, 2021.
             The game lasted 01:26:05 (26642 turns).

ClownBaby the Cruncher (DrEE)                      Turns: 26642, Time: 01:26:06

Health: -4/116     AC: 14    Str: 12    XL:     14   Next: 18%
Magic:  14/17      EV: 19    Int: 20    God:    Gozag
Gold:   1065       SH:  0    Dex: 11    Spells: 3/17 levels left

rFire    . . .     SeeInvis .   a - +8 quarterstaff
rCold    . . .     Faith    .   (shield currently unavailable)
rNeg     . . .     Spirit   .   (armour unavailable)
rPois    .         Reflect  .   (helmet restricted)
rElec    +         Harm     .   (no cloak)
rCorr    .         Rampage  .   e - +2 pair of gloves
Will     ++...                  l - +2 pair of boots
Stlth    +++.......             r - amulet of magic regeneration
HPRegen  0.29/turn              O - +4 ring of evasion
MPRegen  0.40/turn              S - ring "Bekiwn" {Wiz Will+}

@: lethally poisoned (-4 -> -37), flying
A: breathe lightning, AC +8, unfitting armour, big wings, electricity
resistance, cold-blooded
a: Breathe Lightning, Renounce Religion, Potion Petition, Call Merchant, Bribe
Branch


You were on level 6 of the Lair of Beasts.
You worshipped Gozag.
Gozag was most pleased with you.
You visited 3 branches of the dungeon, and saw 18 of its levels.
You also visited: Bailey.

You collected 3772 gold pieces.
You spent 238 gold pieces at shops.
You paid 2469 gold pieces to Gozag.

Inventory:

Hand Weapons
 a - a +8 quarterstaff (weapon)
 L - a +3 bardiche
Missiles
 i - 195 stones
 o - 2 throwing nets
 p - 6 curare-tipped darts
 w - 5 boomerangs of dispersal
Armour
 e - a +2 pair of gloves (worn)
 l - a +2 pair of boots (worn)
 E - a +1 buckler
Magical Staves
 b - a staff of earth
 k - a staff of fire
Jewellery
 g - a ring of ice
 j - a ring of ice
 m - a +4 ring of evasion
 r - an amulet of magic regeneration (around neck)
 u - a ring of positive energy
 y - an amulet of guardian spirit
 A - an amulet of regeneration
 G - a ring of wizardry
 M - the ring "Kahia" {Fire Fly rPois Will- Dex+4}
   (You found it on level 5 of the Lair of Beasts)

   [ring of fire]

   It enhances your fire magic.
   It affects your dexterity (+4).
   It protects you from fire.
   It makes you vulnerable to cold.
   It protects you from poison.
   It grants you flight.
   It decreases your willpower.
 O - a +4 ring of evasion (left hand)
 Q - a ring of fire
 S - the ring "Bekiwn" (right hand) {Wiz Will+}
   (You found it on level 5 of the Lair of Beasts)

   [ring of wizardry]

   It improves your spell success rate.
   It increases your willpower.
Wands
 t - a wand of flame (81)
 v - a wand of digging (14)
 B - a wand of iceblast (11)
 I - a wand of paralysis (12)
 J - a wand of polymorph (27)
 K - a wand of acid (12)
Scrolls
 c - a scroll of holy word
 f - 2 scrolls of immolation
 n - a scroll of fear
 q - 2 scrolls of amnesia
 s - a scroll of silence
 D - 3 scrolls of fog
 N - a scroll of magic mapping
 P - a scroll of teleportation
 R - a scroll of enchant armour
Potions
 h - 2 potions of ambrosia
 x - 3 potions of lignification
 z - a potion of invisibility
 C - 5 potions of curing
 F - 2 potions of magic {unknown}
Miscellaneous
 d - a phantom mirror


   Skills:
 - Level 8.6 Fighting
 - Level 5.9(10.8) Maces & Flails
 - Level 13.7(14.1) Staves
 - Level 8.5 Dodging
 - Level 6.5 Stealth
 - Level 3.4 Shields
 + Level 2.2 Spellcasting
 - Level 9.1 Conjurations
 - Level 1.0 Transmutations
 - Level 8.1 Ice Magic
 - Level 7.0 Earth Magic


You had 3 spell levels left.
You knew the following spells:

 Your Spells              Type           Power      Damage    Failure   Level
a - Sandblast             Erth           60%        2d14      1%          1
b - Stone Arrow           Conj/Erth      68%        3d11      1%          3
c - Frozen Ramparts       Ice            68%        1d8       1%          3
d - Ozocubu's Armour      Ice            34%        N/A       1%          3
e - Hailstorm             Conj/Ice       36%        3d9       1%          4

Your spell library contained the following spells:

 Spells                   Type           Power      Damage    Failure   Level
 Freeze                   Ice            100%       1d11      1%          1
 Passwall                 Tmut/Erth      15%        N/A       1%          2
 Beastly Appendage        Tmut           12%        N/A       4%          1
 Apportation              Tloc           4%         N/A       6%          1
 Wereblood                Tmut           6%         N/A       6%          2
 Spider Form              Tmut/Pois      2%         N/A       16%         3
 Confusing Touch          Hex            2%         N/A       19%         3
 Gell's Gravitas          Tloc           1%         N/A       19%         3
 Lesser Beckoning         Tloc           1%         N/A       19%         3
 Tukima's Dance           Hex            2%         N/A       19%         3
 Ice Form                 Ice/Tmut       20%        N/A       10%         4
 Lee's Rapid Deconstruct  Erth           15%        3d11*     10%         5
 Petrify                  Tmut/Erth      18%        N/A       12%         4
 Metabolic Englaciation   Hex/Ice        9%         N/A       32%         5
 Cause Fear               Hex            1%         N/A       50%         4
 Alistair's Intoxication  Tmut/Pois      2%         N/A       77%         5
 Yara's Violent Unravell  Hex/Tmut       2%         3d3       77%         5
 Silence                  Hex/Air        1%         N/A       83%         5
 Invisibility             Hex            1%         N/A       100%        6
 Discord                  Hex            1%         N/A       100%        8
 Lehudib's Crystal Spear  Conj/Erth      17%        10d5      100%        8
 Chain Lightning          Conj/Air       10%        3d13      100%        9
 Fire Storm               Conj/Fire      10%        8d3       100%        9
 Polar Vortex             Ice            17%        N/A       100%        9


Dungeon Overview and Level Annotations

Branches:
Dungeon (11/15)            Temple (1/1) D:5            Lair (6/6) D:11
 Shoals (0/4) Lair:2        Snake (0/4) Lair:3        Slime (0/5) Lair:5
    Orc (0/2) D:11         Bailey (visited)

Altars:
Ashenzari
Cheibriados
Dithmenos
Elyvilon
Fedhas
Gozag
Hepliaklqana
Kikubaaqudgha
Makhleb
Nemelex Xobeh
Okawaru
Qazlal
Ru
Sif Muna
Trog
Uskayaw
Vehumet
Wu Jian
Xom
Yredelemnul
Zin
The Shining One

Shops:
D:4 [   Lair:3 ?   Lair:5 :

Annotations:
Lair:5 exclusion: 4 oklob plants
Lair:6 Nessos


Innate Abilities, Weirdness & Mutations

You can breathe wild blasts of lightning.
Your glossy black scales are hard. (AC +8)
You cannot fit into any form of body armour.
Your large and strong wings let you fly.
You are resistant to electric shocks. (rElec)
You are cold-blooded and may be slowed by cold attacks.


Message History

You feel very sick.
Nessos blinks!
The wall freezes the water moccasin.
Nessos blinks!
The wall freezes the water moccasin.
The water moccasin seems to slow down.
The water moccasin barely misses you.
You are too injured to fight recklessly!
Unknown command.
Your icy armour and frozen ramparts will break if you move.
Continue?
Uppercase [Y]es or [N]o only, please.
Your icy armour and frozen ramparts will break if you move.
Continue?
Your icy armour cracks and falls away as you move.
The frozen ramparts melt away as you move.
You feel very sick.
A nearby plant withers and dies.
Nessos wields a +1 longbow of flaming.
It bursts into flame!
Nessos shoots an arrow.
The arrow closely misses you.
You see here 7 gold pieces.
You feel very sick.
Nessos shoots an arrow.
The arrow hits you!
* * * LOW HITPOINT WARNING * * *
The arrow burns you.
You are lethally poisoned!
* * * LOW HITPOINT WARNING * * *
Nessos blinks!
There is a stone staircase leading up, spattered with blood here.
You see here 19 gold pieces.
You feel much better.
* * * LOW HITPOINT WARNING * * *
You feel extremely sick.
Nessos shoots an arrow.
The arrow completely misses you.
You feel better.
The water moccasin is no longer moving slowly.
Nessos casts a spell.
Nessos seems to speed up.
The water moccasin bites you but does no damage.
Nessos shoots an arrow.
The arrow hits you!!
* * * LOW HITPOINT WARNING * * *
The arrow burns you!
You are lethally poisoned!
* * * LOW HITPOINT WARNING * * *
You die...
Your body crumbles into a pile of gold.

..#. .. .$.# ... .#..
..... ...###....# . ...
#.... #.$.......# ..
.......####......#.# .#c
...#...##........# ....
.#.....#..$#.#..##
.P...#.......#..#.P..P#
##..........$@S......#
#P....<......$$.#..###.
.....................≈≈≈
.....P.c............P.≈≈
................#....≈≈≈
...............#.#..≈≈≈P
...........PP...# ..≈P≈≈
......#......... P≈≈≈≈P
#....P......... .≈≈.≈≈


You could see Nessos (fast) and a water moccasin.

Vanquished Creatures
  The ghost of Necwier the Cleaver, a journeyman MiBe of Trog (Lair:5)
  Fannar (Lair:1)
  8 hydras
  A boulder beetle (Lair:4)
  A catoblepas (Lair:5)
  Erica (D:10)
  2 two-headed ogres
  4 death yaks (Lair:1)
  Nergalle (Lair:3)
  5 lindwurms
  3 cyclopes (D:11)
  A manticore (D:11)
  4 black mambas
  A molten gargoyle (D:10)
  21 cane toads
  An unseen horror (D:11)
  5 rime drakes
  4 komodo dragons
  A troll (D:11)
  2 polar bears
  5 dream sheep (Lair:4)
  2 hornets
  A snapping turtle (Lair:2)
  17 blink frogs
  A spriggan (D:10)
  28 yaks
  5 wyverns
  3 steam dragons
  4 basilisks
  Eustachio (D:4)
  6 vampire mosquitoes
  A death yak simulacrum (Lair:5)
  29 water moccasins
  Duvessa (D:5)
  6 orc warriors
  A black bear (D:4)
  An ice beast (D:7)
  2 sky beasts
  5 ogres
  A boulder beetle simulacrum (Lair:5)
  2 necrophages
  A black mamba simulacrum (Lair:5)
  12 wolves
  3 centaurs
  2 kobold brigands
  14 bullfrogs
  Dowan (D:5)
  A scorpion (D:6)
  A water moccasin skeleton (D:6)
  An elephant simulacrum (Lair:5)
  13 killer bees
  3 wights (D:8)
  8 centaur zombies
  2 komodo dragon simulacra (Lair:5)
  A bullfrog zombie (D:6)
  2 hounds (D:5)
  A gnoll shaman (D:9)
  8 orc priests
  A scorpion zombie (D:5)
  Jessica (D:2)
  A centaur skeleton (D:7)
  4 iguanas
  11 orc wizards
  5 hell rats (Lair:1)
  2 killer bee zombies
  A hound zombie (D:5)
  A hound skeleton (D:5)
  A howler monkey zombie (D:6)
  6 gnolls
  A howler monkey skeleton (D:6)
  5 adders
  A white imp (D:8)
  An adder skeleton (D:4)
  3 dart slugs
  62 orcs
  9 ball pythons
  6 endoplasms
  2 giant cockroaches
  11 goblins
  10 hobgoblins
  6 jackals
  6 quokkas
  9 bats
  5 frilled lizards
  13 kobolds
  27 rats
475 creatures vanquished.

Vanquished Creatures (others)
  A bullfrog (Lair:6)
  45 fungi
  131 plants
177 creatures vanquished.

Grand Total: 652 creatures vanquished

Notes
Turn   | Place    | Note
-------+----------+-------------------------------------------
     0 | D:1      | ClownBaby the Draconian Earth Elementalist began the quest
                  | for the Orb.
     0 | D:1      | Reached XP level 1. HP: 14/14 MP: 3/3
    68 | D:1      | Reached XP level 2. HP: 20/20 MP: 0/5
   265 | D:1      | Reached XP level 3. HP: 26/26 MP: 3/6
   410 | D:1      | Found a faded altar of an unknown god.
  1329 | D:2      | Reached XP level 4. HP: 33/33 MP: 5/7
  1432 | D:2      | Reached skill level 5 in Earth Magic
  1631 | D:2      | Noticed Jessica
  1637 | D:2      | Killed Jessica
  2332 | D:2      | Upgraded the game from 0.27-a0-1287-gca74d27db6 to
                  | 0.27-a0-1322-gfdffb62a71
  2391 | D:3      | Found a hide-covered altar of Uskayaw.
  2391 | D:3      | Found an ornate altar of the Wu Jian Council.
  2391 | D:3      | Found a broken altar of Ashenzari.
  2437 | D:3      | Reached XP level 5. HP: 38/38 MP: 8/8
  2790 | D:3      | Found a snail-covered altar of Cheibriados.
  3399 | D:4      | Noticed a black bear
  3561 | D:4      | Found Sikhesaj's Armour Emporium.
  3757 | D:4      | Noticed an ogre
  3770 | D:4      | Killed an ogre
  3771 | D:4      | Reached XP level 6. HP: 31/45 MP: 4/9
  4226 | D:4      | Noticed Eustachio
  4232 | D:4      | Killed Eustachio
  4233 | D:4      | Your scales start taking on a glossy black colour.
  4233 | D:4      | Reached XP level 7. HP: 50/50 MP: 5/10
  4233 | D:4      | Gained mutation: You are resistant to electric shocks.
                  | (rElec) [Black Draconian growth]
  4305 | D:4      | Learned a level 3 spell: Stone Arrow
  4714 | D:5      | Entered Level 5 of the Dungeon
  4721 | D:5      | Noticed Duvessa
  4721 | D:5      | Noticed Dowan
  4850 | D:5      | Found a staircase to the Ecumenical Temple.
  4962 | D:5      | Killed Duvessa
  4991 | D:5      | Killed Dowan
  4992 | D:5      | Reached XP level 8. HP: 51/57 MP: 4/11
  5041 | D:5      | Reached skill level 5 in Conjurations
  5646 | Temple   | Entered the Ecumenical Temple
  5898 | Temple   | Became a worshipper of Gozag Ym Sagoz the Greedy
  6492 | D:6      | Found a radiant altar of Vehumet.
  6631 | D:6      | Found a blossoming altar of Fedhas.
  7108 | D:6      | Reached XP level 9. HP: 60/62 MP: 2/12
  7799 | D:7      | Found a flagged portal.
  7835 | Bailey   | Entered a bailey
  7836 | Bailey   | Noticed an orc knight
  8034 | D:7      | Found a shimmering blue altar of Sif Muna.
  8786 | D:8      | Reached skill level 5 in Fighting
  9159 | D:8      | Found a shimmering altar of Xom.
 10605 | D:9      | Noticed a two-headed ogre
 10610 | D:9      | Paralysed by a hornet for 2 turns
 10933 | D:9      | Learned a level 3 spell: Frozen Ramparts
 10937 | D:9      | Learned a level 3 spell: Ozocubu's Armour
 10981 | D:9      | Reached XP level 10. HP: 90/90 MP: 6/13
 10995 | D:9      | Reached skill level 1 in Ice Magic
 11545 | D:9      | Killed a two-headed ogre
 11546 | D:9      | Reached skill level 5 in Ice Magic
 11801 | D:10     | Entered Level 10 of the Dungeon
 11801 | D:10     | Noticed a two-headed ogre
 11810 | D:10     | Killed a two-headed ogre
 11907 | D:10     | Noticed Erica
 11950 | D:10     | Killed Erica
 12419 | D:10     | Identified the +1 robe "Doshurhoess" {rElec rPois Regen+
                  | Dex-4}
 12670 | D:10     | Reached skill level 1 in Maces & Flails
 12817 | D:10     | Noticed a molten gargoyle
 12837 | D:10     | Paralysed by a spriggan for 2 turns
 12842 | D:10     | Reached XP level 11. HP: 34/95 MP: 6/14
 13128 | D:10     | Found a faded altar of an unknown god.
 13130 | D:10     | Found a hazy altar of Hepliaklqana.
 13397 | D:11     | Reached skill level 5 in Maces & Flails
 13982 | D:11     | Found a staircase to the Orcish Mines.
 14130 | D:11     | Reached skill level 1 in Staves
 14139 | D:11     | Found a staircase to the Lair.
 14195 | D:11     | Reached skill level 2 in Staves
 14198 | D:11     | Reached skill level 3 in Staves
 14347 | D:11     | Reached skill level 4 in Staves
 14460 | D:11     | Reached skill level 5 in Staves
 15103 | D:11     | Reached skill level 6 in Staves
 15372 | Lair:1   | Entered Level 1 of the Lair of Beasts
 15434 | Lair:1   | Reached skill level 7 in Staves
 15685 | Lair:1   | Reached skill level 8 in Staves
 15692 | Lair:1   | Noticed a six-headed hydra
 15899 | Lair:1   | Noticed a death yak
 15899 | Lair:1   | Noticed a death yak
 15909 | Lair:1   | Noticed a death yak
 15909 | Lair:1   | Noticed a death yak
 15920 | Lair:1   | Killed a death yak
 15926 | Lair:1   | Killed a death yak
 15927 | Lair:1   | Reached skill level 9 in Staves
 15927 | Lair:1   | Reached XP level 12. HP: 19/103 MP: 2/15
 15928 | Lair:1   | Noticed Fannar
 16516 | Lair:1   | Killed a six-headed hydra
 16592 | Lair:1   | Killed a death yak
 16593 | Lair:1   | Reached skill level 10 in Staves
 16600 | Lair:1   | Killed a death yak
 16890 | Lair:1   | Killed Fannar
 17197 | Lair:1   | Noticed a six-headed hydra
 17208 | Lair:1   | Killed a six-headed hydra
 17209 | Lair:1   | Reached skill level 11 in Staves
 17901 | Lair:2   | Noticed an eight-headed hydra
 17909 | Lair:2   | Killed an eight-headed hydra
 17911 | Lair:2   | Noticed an eight-headed hydra
 17922 | Lair:2   | Killed an eight-headed hydra
 18000 | Lair:2   | Reached skill level 12 in Staves
 18471 | Lair:2   | Found a staircase to the Shoals.
 18665 | Lair:2   | Noticed a six-headed hydra
 18677 | Lair:2   | Killed a six-headed hydra
 18854 | Lair:2   | Noticed a five-headed hydra
 18864 | Lair:2   | Killed a five-headed hydra
 19285 | Lair:2   | Reached skill level 13 in Staves
 19776 | Lair:3   | Reached XP level 13. HP: 102/108 MP: 0/16
 20030 | Lair:3   | Found a staircase to the Snake Pit.
 20034 | Lair:3   | Reached skill level 1 in Shields
 20136 | Lair:3   | Noticed Nergalle
 20316 | Lair:3   | Killed Nergalle
 21210 | Lair:3   | Bought a scroll of identify for 28 gold pieces
 21210 | Lair:3   | Bought a scroll of enchant weapon for 105 gold pieces
 21210 | Lair:3   | Bought a scroll of identify for 28 gold pieces
 21210 | Lair:3   | Bought a scroll of fear for 49 gold pieces
 21210 | Lair:3   | Bought a scroll of identify for 28 gold pieces
 22209 | Lair:4   | Reached skill level 5 in Dodging
 22900 | Lair:5   | You fall into a shaft and drop 1 floor!
 22900 | Lair:6   | Entered Level 6 of the Lair of Beasts
 23884 | Lair:5   | Found a staircase to the Slime Pits.
 24145 | Lair:5   | Found a runed translucent gate.
 24147 | Lair:5   | Found a runed translucent gate.
 24148 | Lair:5   | Found a runed translucent gate.
 24304 | Lair:5   | Noticed Necwier's ghost (journeyman MiBe)
 24833 | Lair:5   | Killed Necwier's ghost
 24834 | Lair:5   | Gained mutation: Your large and strong wings let you fly.
                  | [Black Draconian growth]
 24834 | Lair:5   | Reached XP level 14. HP: 61/116 MP: 1/17
 25051 | Lair:5   | Identified the ring "Kahia" {Fire Fly rPois Will- Dex+4}
 25054 | Lair:5   | Identified the ring "Bekiwn" {Wiz Will+}
 25517 | Lair:6   | Noticed Nessos
 25544 | Lair:5   | Learned a level 4 spell: Hailstorm
 25681 | Lair:6   | Reached skill level 5 in Stealth
 26641 | Lair:6   | HP: 4/116 [Nessos/arrow (7)]
 26642 | Lair:6   | Succumbed to Nessos's poison

Illustrated notes

Levels and vault maps discovered:
D:1:      minmay_arrival_jagged, layout_rooms,
          shapermc_ecumenical_altar_flowoftime, chequers_serial_rivers_room_a,
          kennysheep_nondescript, chequers_serial_rivers_marsh
D:2:      minmay_skewed_foursquare, layout_loops_corners, minmay_rat_hole,
          uniq_jessica
D:3:      layout_loops_cross, gammafunk_temple_overflow_forgotten,
          general_overflow_altar
D:4:      layout_rooms, serial_shops, shop_statue, dk_noncrumbling_2,
          uniq_eustachio
D:5:      layout_loops_ring, temple_doors_e, uniq_duvessa
D:6:      layout_basic, nicolae_vehumet_altar_sigil, lemuel_crystal_altar
D:7:      layout_loops_ring, nicolae_sif_muna_condensation, enter_bailey_3,
          minmay_misc_feat_pillars
D:8:      layout_loops_corners, nicolae_overflow_crystal_walls,
          kennysheep_diamond
D:9:      layout_basic
D:10:     layout_gridville, beargit_hepliaklqana_dungeon_heroes, uniq_erica
D:11:     layout_loops_ring, david_lair_shrubbed, hiddenorc2_lemuel
Temple:   nicolae_temple_figure_eight
Lair:1:   layout_cave_pods, minivault_11, grunt_megastairs_1, uniq_fannar
Lair:2:   layout_concentric_octagons, minmay_shoals_entry_hut,
          lemuel_fruit_fields
Lair:3:   layout_gridlike, minmay_snake_entry_six_corridors, grunt_megastairs_5,
          uniq_nergalle
Lair:4:   layout_loops_ring, minmay_lindwurm_lava, lemuel_fruit_fields,
          infiniplex_staircase_pool, serial_bayou_shore_b
Lair:5:   layout_small_grid, slime_dummy, gammafunk_ghost_icy, dpeg_oklob_1
Lair:6:   minmay_lair_end_frog_pond, layout_loops_ring, gammafunk_ghost_hive,
          uniq_nessos

Skill      XL: |  1  2  3  4  5  6  7  8  9 10 11 12 13 14 |
---------------+-------------------------------------------+-----
Earth Magic    | 4 5 6 7 |  7.0
Conjurations   | 4 8 9 |  9.1
Fighting       | 8 |  8.6
Ice Magic      | 8 |  8.1
Maces & Flails | 3 5 |  5.9
Staves         | 9 13 | 13.7
Shields        | 3 |  3.4
Dodging        | 8 |  8.5
Stealth        | 4 6 |  6.5
Spellcasting   | |  2.2
Transmutations | |  1.0

Action                   |  1- 3 |  4- 6 |  7- 9 | 10-12 | 13-15 || total
-------------------------+-------+-------+-------+-------+-------++-------
Melee: Short sword       |    51 |    66 |    56 |       |       ||   173
       Tailslap          |     1 |     3 |     5 |    23 |    21 ||    53
       Mace              |       |       |     8 |    18 |       ||    26
       Quarterstaff      |       |       |       |   128 |   290 ||   418
 Cast: Sandblast         |    23 |    72 |    66 |    91 |    38 ||   290
       Stone Arrow       |       |       |   134 |   156 |    84 ||   374
       Frozen Ramparts   |       |       |       |    34 |    42 ||    76
       Ozocubu's Armour  |       |       |       |    34 |    35 ||    69
       Hailstorm         |       |       |       |       |     3 ||     3
Invok: Potion Petition   |       |       |       |       |     3 ||     3
       Call Merchant     |       |       |       |       |     2 ||     2
 Abil: Breathe Lightning |       |       |     3 |    12 |    12 ||    27
Evoke: Wand              |       |       |       |     1 |       ||     1
  Use: Scroll            |       |     7 |     8 |    12 |    11 ||    38
       Potion            |       |       |     4 |     5 |     8 ||    17
 Stab: Sleeping          |     3 |     1 |     1 |     1 |       ||     6
       Distracted        |       |       |     1 |       |     2 ||     3
Armor: Skin              |    15 |    26 |    43 |   179 |   134 ||   397
Dodge: Dodged            |    34 |    44 |   146 |   292 |   330 ||   846

Table legend: (Time is in decaauts)
 A = Elapsed time spent in this place.
 B = Non-inter-level travel time spent in this place.
 C = Inter-level travel time spent in this place.
 D = Time resting spent in this place.
 E = Time spent auto-exploring this place.
 F = Levels seen in this place.
 G = Mean time per level.
                   A        B        C        D        E       F      G
               +--------+--------+--------+--------+--------+-----+--------+
         Total |  26549 |  25245 |   1304 |  10081 |   8636 |  19 | 1397.3 |
       Dungeon |  15448 |  14620 |    828 |   5437 |   5282 |  11 | 1404.4 |
        Temple |    262 |    200 |     62 |      0 |    198 |   1 |  262.0 |
          Lair |  10825 |  10412 |    413 |   4644 |   3155 |   6 | 1804.2 |
        Bailey |     11 |     11 |      0 |      0 |      0 |   1 |   11.0 |
               +--------+--------+--------+--------+--------+-----+--------+

Top non-repeatable levels by time:
  Lair:5: 3150 daAuts
    D:11: 2284 daAuts
     D:8: 2243 daAuts
  Lair:1: 2064 daAuts
  Lair:2: 2019 daAuts
  Lair:4: 1981 daAuts
  Lair:3: 1408 daAuts
     D:9: 1400 daAuts
     D:5: 1368 daAuts
     D:2: 1356 daAuts
     D:4: 1311 daAuts
     D:6: 1291 daAuts
    D:10: 1172 daAuts
     D:3: 1131 daAuts
     D:1: 1025 daAuts
